 Dungeon Crawl Stone Soup version 0.29-a0-732-g3d7fbe0af2 (webtiles) character file.

Game seed: 6826298485643502939

216163 buhh the Warrior (level 19, -5/183 HPs)
             Began as an Octopode Transmuter on June 30, 2022.
             Was the Champion of Cheibriados.
             Shot with an arrow by a satyr (21 damage)
             ... on level 4 of the Shoals.
             The game lasted 01:34:20 (50686 turns).

buhh the Warrior (Octopode Transmuter)             Turns: 50686, Time: 01:34:21

Health: -5/183     AC: 37    Str: 49    XL:     19   Next: 4%
Magic:  13/32      EV: 28    Int: 47    God:    Cheibriados [******]
Gold:   560        SH:  0    Dex: 29    Spells: 13/36 levels left

rFire   . . .      SeeInvis +     - Unarmed
rCold   . . .      Faith    +   (no shield)
rNeg    + . .      Spirit   .   j - +1 hat {Will+}
rPois   ∞          Reflect  .   E - amulet of faith {!P}
rElec   +          Harm     .   b - +6 ring of strength
rCorr   .          Rampage  .   M - +6 ring of strength
Will    ++...                   u - ring of see invisible
Stlth   ++++......              d - +6 ring of intelligence
HPRegen 0.40/turn               S - +6 ring of strength
MPRegen 0.23/turn               c - +6 ring of strength
                                r - +4 ring of evasion
                                x - ring "Amaov" {AC+4 Int+5 Stlth-}

@: statue-form, very slow
A: slow and powerful, torment resistance 1, boosted hp, almost no armour,
amphibious, 8 rings, camouflage 1, (gelatinous body 1), nimble swimmer 1,
tentacles
}: 1/15 runes: serpentine
a: End Transformation, Renounce Religion, Bend Time, Temporal Distortion,
Slouch, Step From Time


You were on level 4 of the Shoals.
You worshipped Cheibriados.
Cheibriados was exalted by your worship.
You were a living statue of rough stone.
You visited 6 branches of the dungeon, and saw 32 of its levels.
You visited the Abyss 2 times.
You also visited: Gauntlet.

You collected 4067 gold pieces.
You spent 3507 gold pieces at shops.

Inventory:

Hand Weapons
 o - the +1 war axe of Equilibrium {vorpal, rC+}
   (You found it on level 3 of the Dungeon)

   It inflicts extra damage upon your enemies.
   rC:        It protects you from cold.
Missiles
 n - 7 throwing nets {!f}
 y - 28 poisoned darts
 D - 9 curare-tipped darts
Armour
 j - a +1 hat of willpower (worn)
Magical Staves
 q - a staff of conjuration
Jewellery
 b - a +6 ring of strength (left tentacle)
 c - a +6 ring of strength (on tentacle)
 d - a +6 ring of intelligence (on tentacle)
 e - a ring of poison resistance
 h - a ring of ice
 r - a +4 ring of evasion (on tentacle)
 u - a ring of see invisible (on tentacle)
 x - the ring "Amaov" (on tentacle) {AC+4 Int+5 Stlth-}
   (You bought it in a shop on level 2 of the Snake Pit)

   [ring of protection]

   AC:        It affects your AC (+4).
   Int:       It affects your intelligence (+5).
   Stlth:     It makes you less stealthy.
 E - an amulet of faith (around mantle) {!P}
 J - a ring of willpower
 M - a +6 ring of strength (right tentacle)
 S - a +6 ring of strength (on tentacle)
Wands
 p - a wand of flame (10)
 s - a wand of iceblast (13)
 v - a wand of digging (8)
 A - a wand of charming (38)
 I - a wand of mindburst (23)
Scrolls
 g - 12 scrolls of identify {!d}
 i - 4 scrolls of silence {!r}
 t - 11 scrolls of teleportation {!d}
 w - 8 scrolls of vulnerability
 F - 7 scrolls of enchant weapon
 P - 2 scrolls of magic mapping {!r!d}
 Q - 6 scrolls of fog
 R - 2 scrolls of torment
 T - 5 scrolls of immolation {!d}
 X - a scroll of amnesia
 Z - 5 scrolls of enchant armour
Potions
 a - 2 potions of berserk rage {unknown}
 f - 2 potions of might
 k - 7 potions of flight
 l - 6 potions of lignification {!d}
 z - 4 potions of attraction
 B - 4 potions of ambrosia {!q!d}
 C - a potion of magic {unknown}
 G - 6 potions of degeneration
 H - 5 potions of invisibility {!q!d}
 K - 4 potions of brilliance {!q!d}
 L - a potion of resistance {!q!d}
 N - 14 potions of curing {!q!d}
 O - 4 potions of haste {!q!d}
 U - 5 potions of mutation {!d}
 V - 2 potions of cancellation {!q!d}


   Skills:
 - Level 16.0 Fighting
 - Level 11.0 Dodging
 - Level 1.0 Stealth
 - Level 10.0 Unarmed Combat
 - Level 9.0 Spellcasting
 - Level 10.0 Translocations
 * Level 15.7 Transmutations
 - Level 8.0 Ice Magic
 - Level 13.0 Earth Magic
 - Level 11.0 Invocations


You had 13 spell levels left.
You knew the following spells:

 Your Spells              Type           Power      Damage    Failure   Level
a - Manifold Assault      Tloc           86%        N/A       1%          5
b - Wereblood             Tmut           100%       N/A       0%          2
c - Spider Form           Tmut/Pois      76%        N/A       1%          3
d - Frozen Ramparts       Ice            100%       1d12      1%          3
e - Beastly Appendage     Tmut           100%       N/A       0%          1
f - Ozocubu's Armour      Ice            77%        N/A       1%          3
g - Statue Form           Tmut/Erth      68%        N/A       1%          6

Your spell library contained the following spells:

 Spells                   Type           Power      Damage    Failure   Level
 Apportation              Tloc           100%       N/A       1%          1
 Freeze                   Ice            100%       1d11      1%          1
 Magic Dart               Conj           84%        1d7       1%          1
 Necrotize                Necr           84%        1d8       1%          1
 Sting                    Tmut/Pois      100%       1d8       1%          1
 Summon Small Mammal      Summ           84%        N/A       1%          1
 Blink                    Tloc           100%       N/A       1%          2
 Call Imp                 Summ           21%        N/A       1%          2
 Poisonous Vapours        Pois/Air       42%        N/A       1%          2
 Ice Form                 Ice/Tmut       93%        N/A       1%          4
 Passage of Golubria      Tloc           86%        N/A       1%          4
 Petrify                  Tmut/Erth      100%       N/A       1%          4
 Blade Hands              Tmut           53%        N/A       1%          5
 Irradiate                Conj/Tmut      38%        3d26      1%          5
 Yara's Violent Unravell  Hex/Tmut       38%        3d15      1%          5
 Dragon Form              Tmut           53%        N/A       1%          7
 Hailstorm                Conj/Ice       56%        3d12      2%          4
 Call Canine Familiar     Summ           21%        N/A       3%          3
 Mephitic Cloud           Conj/Pois/Air  21%        N/A       3%          3
 Summon Guardian Golem    Hex/Summ       21%        N/A       3%          3
 Tukima's Dance           Hex            21%        N/A       3%          3
 Metabolic Englaciation   Hex/Ice        28%        N/A       6%          5
 Olgreb's Toxic Radiance  Pois           21%        N/A       12%         4
 Simulacrum               Ice/Necr       28%        N/A       34%         6
 Storm Form               Tmut/Air       38%        N/A       38%         7


Dungeon Overview and Level Annotations

Branches:
Dungeon (15/15) Zot: 38140  Temple (1/1) D:7 Zot: 8803    Lair (6/6) D:9 Zot: 34310
 Shoals (4/4) Lair:3 Zot: 26984   Snake (4/4) Lair:3 Zot: 21433   Slime (0/5) Lair:6
    Orc (2/2) D:11 Zot: 14196     Elf (0/3) Orc:2        Vaults (0/5) D:13
 Depths (0/4) D:15        Gauntlet (visited)

Altars:
Ashenzari
Cheibriados
Dithmenos
Elyvilon
Fedhas
Gozag
Kikubaaqudgha
Makhleb
Nemelex Xobeh
Okawaru
Sif Muna
Trog
Vehumet
Xom
The Shining One
Jiyva

Shops:
Orc:2 ?[:*?   Snake:1 *   Snake:2 ?((=   Snake:3 =::   Snake:4 *

Annotations:
D:3 1 runed translucent door, Crazy Yiuf
D:4 3 runed translucent doors, gobodom's ghost, amateur HOFi
D:10 3 runed translucent doors, Zonian's ghost, journeyman VSIE
Lair:6 1 runed translucent door
Shoals:1 2 transporters, Wuang's ghost, adept DEFE
Orc:2 3 runed translucent doors, benadryl's ghost, journeyman GrFi


Innate Abilities, Weirdness & Mutations

You are a living statue of rough stone.
Your actions are slow, but your melee attacks are powerful.
You are resistant to unholy torment.
Your maximum health is greatly increased.
You are immune to poison.
You cannot wear most types of armour.
You are amphibious.
You can wear up to eight rings at the same time.
Your skin changes colour to match your surroundings (Stealth+).
((Your rubbery body absorbs attacks. (AC +1, EV +1)))
You are camouflaged when in or above water. (Stealth+)
You have tentacles for arms and can constrict up to eight enemies at once.


Message History

a +0 ring mail; a sea snake skeleton You start resting.
Your transformation is almost over.
You revert to your normal fleshy form.
A satyr is nearby!
A satyr is nearby!
Casting: Statue Form (mildly dangerous; 1% risk of failure)
Press: ? - help, Q - select action, (/) - cycle Dir - look around, f - activate You turn into a living statue of rough stone.
The satyr unwields a +0 spear.
The satyr wields a +0 longbow.
The satyr shoots an arrow.
The arrow hits you.
Space momentarily warps into an impossible shape!
Your unstable footing causes you to fumble your attack.
The satyr shoots an arrow.
The arrow hits you.
Space momentarily warps into an impossible shape!
Your unstable footing causes you to fumble your attack.
The satyr shoots an arrow.
The arrow hits you but does no damage.
The satyr shoots an arrow.
The arrow hits you!!
Okay, then.
Really read
m - 2 scrolls of fear {!r}?
As you read the scroll of fear {!r}, it crumbles to dust.
You assume a fearsome visage.
The satyr looks frightened!
The satyr seems to regain its courage.
The satyr shoots an arrow.
The arrow hits you!!
* * * LOW HITPOINT WARNING * * *
The satyr shoots an arrow.
The arrow completely misses you.
The satyr shoots an arrow.
The arrow hits you but does no damage.
The satyr shoots an arrow.
The arrow hits you but does no damage.
The satyr shoots an arrow.
The arrow hits you.
* * * LOW HITPOINT WARNING * * *
The satyr shoots an arrow.
The arrow completely misses you.
The satyr shoots an arrow.
The arrow hits you but does no damage.
The satyr shoots an arrow.
The arrow completely misses you.
Really read
m - a scroll of fear {!r}?
As you read the scroll of fear {!r}, it crumbles to dust.
You assume a fearsome visage.
The satyr looks frightened!
You sink to the bottom.
The satyr shoots an arrow.
The arrow hits you!!
* * * LOW HITPOINT WARNING * * *
The satyr shoots an arrow.
The arrow hits you!!
You die...

≈≈≈≈≈≈≈≈≈≈)≈P≈≈≈PP............≈≈≈
≈≈≈≈≈≈≈≈≈≈≈)≈≈≈≈P≈P.P.c.......≈≈≈
≈≈≈≈≈≈≈≈≈)≈≈######.............≈≈
≈≈≈≈≈≈≈≈≈≈≈##≈≈≈≈≈#..........≈≈≈≈
≈≈≈≈≈≈≈≈≈≈##≈≈≈≈[#≈#........≈≈≈≈≈
≈≈≈≈≈≈≈≈≈≈#≈≈≈#≈≈≈#≈#P≈.....≈≈≈≈≈
≈≈≈≈≈≈≈≈≈≈#≈≈≈)#≈≈≈≈#≈≈≈≈≈≈≈≈≈≈≈≈
≈≈≈≈≈≈≈≈≈≈#≈.≈≈##≈≈≈#P≈P≈≈≈.≈≈≈≈≈
≈≈≈≈≈≈≈≈≈≈#≈..≈≈8#≈≈#P≈≈≈≈≈..≈≈≈≈
≈≈≈≈≈≈≈≈≈≈#≈#=.≈≈≈≈≈#≈.≈≈....≈≈≈≈
≈≈..≈≈≈≈≈≈##≈#..≈≈≈##≈........≈≈≈
≈≈..≈≈≈≈≈≈≈##≈≈≈≈≈##≈≈..........≈
≈≈≈≈≈.≈≈≈≈≈≈#######≈≈...........≈
≈≈≈≈..≈≈≈≈≈≈≈≈≈≈≈≈≈≈≈.).........≈
#≈....≈.≈≈≈≈≈≈≈≈≈≈≈≈≈....≈≈≈.....
#...≈≈≈≈≈≈≈≈≈≈≈≈≈≈≈≈...≈≈♣≈≈....
#....#######≈≈≈≈≈≈≈≈...≈≈♣♣≈....


You could see a satyr.

Vanquished Creatures
  Vashnia (Snake:4)
  2 bone dragons
  Rupert (D:12)
  Jorgrun (Shoals:1)
  A lich (Abyss:2)
  Frances (D:12)
  A tentacled starspawn (Abyss:3)
  Gastronok (Lair:2)
  Kirke (Shoals:1)
  Donald (Shoals:1)
  8 nagarajas
  An orc warlord (Orc:1)
  Louise (Lair:3)
  Aizul (Snake:1)
  An ironbound preserver (D:13)
  A blizzard demon (Abyss:3)
  2 merfolk javelineers
  A merfolk impaler (Shoals:4)
  A fire dragon (Shoals:3)
  Josephine (D:12)
  Fannar (Lair:2)
  Harold (Lair:2)
  8 boulder beetles
  An ice dragon (Shoals:3)
  A catoblepas (Lair:6)
  7 hydras
  4 salamander tyrants
  8 centaur warriors
  A two-headed ogre (D:10)
  9 anacondas
  2 merfolk aquamancers
  A merfolk avatar (Shoals:1)
  2 alligator snapping turtles
  6 death yaks
  20 naga warriors
  4 satyrs
  16 naga sharpshooters
  2 tengu warriors
  2 thrashing horrors (Abyss:2)
  3 orc high priests (Orc:2)
  4 shock serpents
  3 salamander mystics
  A wretched star (Abyss:2)
  10 sea snakes
  Pikel (D:6)
  A deep elf pyromancer (D:13)
  A wizard (D:15)
  2 naga ritualists (Snake:4)
  12 harpies
  A lindwurm (Lair:6)
  A necromancer (D:15)
  6 orc knights (Orc:2)
  14 ugly things
  10 salamanders
  6 orc sorcerers
  A manticore (shapeshifter) (D:13)
  4 mana vipers
  8 cyclopes
  19 fauns
  3 centaur zombies (D:15)
  5 manticores
  4 water nymphs
  17 elephants
  7 merfolk sirens
  24 naga magi
  A smoke demon (Abyss:2)
  11 guardian serpents
  A torpor snail (Lair:6)
  29 black mambas
  3 cane toads
  A centaur skeleton (D:15)
  2 gargoyles
  6 rime drakes
  An unseen horror (D:10)
  3 kobold demonologists
  An ancient zyme (Abyss:3)
  2 tengu conjurers
  An efreet (D:10)
  6 komodo dragons
  17 merfolk
  8 trolls
  5 polar bears
  A polar bear (shapeshifter) (D:13)
  Prince Ribbit (D:8)
  5 wind drakes
  6 hornets (Lair:6)
  14 blink frogs
  8 slime creatures
  Grinder (D:6)
  4 raiju (Abyss:2)
  10 dream sheep
  5 flying skulls (Abyss:3)
  2 centaur simulacra
  10 snapping turtles
  12 starcursed masses
  15 spriggans
  A spriggan (shapeshifter) (D:13)
  A shadow (D:12)
  A vampire (D:12)
  11 wraiths
  A fire elemental (Lair:1)
  54 yaks
  5 wyverns
  10 water elementals
  4 fire bats (Lair:1)
  A basilisk (Lair:4)
  A steam dragon (D:6)
  4 vampire mosquitoes
  Eustachio (D:5)
  43 nagas
  2 wargs (Orc:1)
  2 large abominations
  17 water moccasins
  2 acid dragons
  2 sky beasts (D:7)
  A meliai simulacrum (D:15)
  26 orc warriors
  4 ice beasts
  8 black bears
  2 ogres
  4 small abominations (Abyss:2)
  3 boggarts (Lair:6)
  12 centaurs
  14 wolves
  A kobold brigand (D:8)
  13 bullfrogs
  Blork the orc (D:4)
  6 scorpions
  7 killer bees (D:8)
  10 howler monkeys
  8 electric eels
  A lava snake (Lair:1)
  10 hounds
  A gnoll shaman (D:9)
  19 orc priests
  An iron imp (Abyss:2)
  3 iguanas
  15 orc wizards
  12 gnolls
  6 adders
  5 white imps
  An ufetubus (Abyss:2)
  2 worms
  2 dart slugs
  65 orcs
  7 bats
  2 endoplasms
  A giant cockroach (D:1)
  8 goblins
  9 hobgoblins
  4 jackals (D:2)
  2 quokkas
  9 ball pythons
  2 frilled lizards (D:1)
  12 kobolds
  5 rats
  A bush (Shoals:3)
  A lurking horror (Abyss:2)
974 creatures vanquished.

Vanquished Creatures (others)
  A wizard (D:15)
  A manticore (Shoals:2)
  A naga mage (Snake:4)
  A snapping turtle (Shoals:4)
  An orc priest (Orc:2)
  A bush (Snake:3)
  36 fungi
  120 plants
  2 starspawn tentacles (Abyss:3)
164 creatures vanquished.

Grand Total: 1138 creatures vanquished

Notes
Turn   | Place    | Note
-------+----------+-------------------------------------------
     0 | D:1      | buhh the Octopode Transmuter began the quest for the Orb.
     0 | D:1      | Reached XP level 1. HP: 13/13 MP: 3/3
   229 | D:1      | Reached XP level 2. HP: 19/19 MP: 3/5
   403 | D:1      | You fall into a shaft and drop 1 floor!
   440 | D:2      | Reached skill level 2 in Fighting
   633 | D:2      | Found a sparkling altar of Nemelex Xobeh.
   828 | D:2      | Found a faded altar of an unknown god.
   834 | D:2      | Reached XP level 3. HP: 25/25 MP: 4/6
   860 | D:2      | Reached skill level 3 in Fighting
  2087 | D:3      | Identified the +1 war axe of Equilibrium {vorpal, rC+}
  2202 | D:3      | Reached XP level 4. HP: 33/33 MP: 7/7
  2223 | D:3      | Found a runed translucent door.
  2224 | D:3      | Noticed Crazy Yiuf
  2279 | D:3      | Found a white marble altar of Elyvilon.
  2281 | D:3      | Found a blossoming altar of Fedhas.
  2281 | D:3      | Found a white marble altar of Elyvilon.
  2283 | D:3      | Found a blossoming altar of Fedhas.
  2283 | D:3      | Found a shimmering altar of Xom.
  2283 | D:3      | Found a broken altar of Ashenzari.
  2462 | D:4      | Noticed an ogre
  2470 | D:4      | Killed an ogre
  2471 | D:4      | Reached skill level 5 in Fighting
  2471 | D:4      | Reached XP level 5. HP: 39/39 MP: 8/8
  2593 | D:4      | Noticed Blork the orc
  2637 | D:4      | Killed Blork the orc
  2638 | D:4      | Reached XP level 6. HP: 25/46 MP: 9/9
  2906 | D:4      | Reached skill level 6 in Fighting
  3213 | D:4      | Found a runed translucent gate.
  3213 | D:4      | Found a runed translucent gate.
  3213 | D:4      | Found a runed translucent gate.
  3219 | D:4      | Noticed gobodom's ghost (amateur HOFi)
  3497 | D:4      | Reached skill level 7 in Fighting
  3497 | D:4      | Reached XP level 7. HP: 33/54 MP: 10/10
  3714 | D:5      | Entered Level 5 of the Dungeon
  3915 | D:5      | Found a radiant altar of Vehumet.
  4081 | D:5      | Learned a level 2 spell: Wereblood
  4085 | D:5      | Learned a level 3 spell: Spider Form
  4263 | D:5      | Reached XP level 8. HP: 14/60 MP: 8/11
  4883 | D:5      | Noticed Eustachio
  4900 | D:5      | Killed Eustachio
  5113 | D:6      | Noticed Pikel
  5137 | D:6      | Killed Pikel
  5406 | D:6      | Reached XP level 9. HP: 61/64 MP: 8/12
  5435 | D:6      | Noticed Grinder
  5462 | D:6      | Killed Grinder
  6345 | D:6      | Learned a level 4 spell: Ice Form
  7589 | D:7      | Found a staircase to the Ecumenical Temple.
  7603 | Temple   | Entered the Ecumenical Temple
  7703 | Temple   | Became a worshipper of Cheibriados the Contemplative
  8214 | D:8      | Noticed Prince Ribbit
  8223 | D:8      | Killed Prince Ribbit
  8515 | D:8      | Reached skill level 8 in Fighting
  8515 | D:8      | Reached XP level 10. HP: 69/72 MP: 8/13
  8889 | D:8      | Reached * piety under Cheibriados
  8890 | D:8      | Reached skill level 9 in Fighting
  9862 | D:9      | Reached ** piety under Cheibriados
  9879 | D:9      | Reached skill level 10 in Fighting
 10473 | D:9      | Found a staircase to the Lair.
 11125 | D:9      | Reached XP level 11. HP: 69/81 MP: 14/14
 11394 | Lair:1   | Entered Level 1 of the Lair of Beasts
 11440 | Lair:1   | Reached *** piety under Cheibriados
 12035 | Lair:1   | Learned a level 3 spell: Frozen Ramparts
 13076 | Lair:1   | Noticed a seven-headed hydra
 13084 | Lair:1   | Killed a seven-headed hydra
 13673 | Lair:2   | Reached **** piety under Cheibriados
 13773 | Lair:2   | Noticed Gastronok
 13788 | Lair:2   | Killed Gastronok
 14045 | Lair:2   | Noticed Fannar
 14072 | Lair:2   | Reached XP level 12. HP: 79/87 MP: 7/17
 14081 | Lair:2   | Killed Fannar
 14722 | Lair:2   | Noticed Harold
 14734 | Lair:2   | Killed Harold
 15849 | Lair:3   | Found a staircase to the Snake Pit.
 15936 | Lair:3   | Found a staircase to the Shoals.
 16073 | Lair:3   | Noticed a boulder beetle
 16081 | Lair:3   | Killed a boulder beetle
 16668 | Lair:4   | Noticed a five-headed hydra
 16676 | Lair:4   | Killed a five-headed hydra
 17164 | Lair:4   | Noticed a four-headed hydra
 17173 | Lair:4   | Killed a four-headed hydra
 17174 | Lair:4   | Reached XP level 13. HP: 92/92 MP: 14/21
 17178 | Lair:4   | Learned a level 3 spell: Ozocubu's Armour
 17295 | Lair:4   | Reached skill level 11 in Invocations
 17842 | Lair:4   | Reached ***** piety under Cheibriados
 19755 | Lair:6   | Entered Level 6 of the Lair of Beasts
 19833 | Lair:6   | Reached skill level 11 in Earth Magic
 20700 | Lair:6   | Reached XP level 14. HP: 89/99 MP: 18/22
 22448 | Lair:6   | Reached skill level 11 in Transmutations
 22649 | Lair:6   | Learned a level 4 spell: Ice Form
 22750 | Lair:6   | Found a runed translucent door.
 22751 | Lair:6   | Found a staircase to the Slime Pits.
 22751 | Lair:6   | Noticed an azure jelly
 22993 | D:10     | Entered Level 10 of the Dungeon
 23344 | D:10     | Found a runed translucent gate.
 23408 | D:10     | Reached ****** piety under Cheibriados
 23649 | D:10     | Found a runed translucent gate.
 23649 | D:10     | Found a runed translucent gate.
 23650 | D:10     | Found a viscous altar of Jiyva.
 23650 | D:10     | Noticed Zonian's ghost (journeyman VSIE)
 25192 | D:11     | Learned a level 6 spell: Statue Form
 26534 | D:11     | Found a staircase to the Orcish Mines.
 26587 | Orc:1    | Entered Level 1 of the Orcish Mines
 26675 | Orc:1    | Noticed an orc warlord
 26683 | Orc:1    | Killed an orc warlord
 27105 | Orc:2    | Entered Level 2 of the Orcish Mines
 27754 | Orc:2    | Found a runed translucent gate.
 27754 | Orc:2    | Found a runed translucent gate.
 27755 | Orc:2    | Found a runed translucent gate.
 27755 | Orc:2    | Noticed benadryl's ghost (journeyman GrFi)
 27796 | Orc:2    | Found a staircase to the Elven Halls.
 27840 | Orc:2    | Found Akuvvisu's Magic Scroll Emporium.
 27854 | Orc:2    | Reached XP level 15. HP: 77/103 MP: 21/23
 28209 | Orc:2    | Found Niewienu's Book Shop.
 28213 | Orc:2    | Bought a scroll of acquirement for 832 gold pieces
 28218 | Orc:2    | Bought an Inescapable Atlas for 476 gold pieces
 28218 | Orc:2    | Found Xecar's Antique Armour Shop.
 28220 | Orc:2    | Found Vetupn's Assorted Antiques.
 28229 | Orc:2    | Bought a scroll of fear for 87 gold pieces
 28229 | Orc:2    | Bought a potion of mutation for 200 gold pieces
 28242 | Orc:2    | Bought a book of Transfigurations for 560 gold pieces
 28346 | Orc:2    | Acquired 971 gold pieces
 28348 | Orc:2    | Bought a scroll of identify for 32 gold pieces
 28348 | Orc:2    | Bought a scroll of identify for 32 gold pieces
 28348 | Orc:2    | Bought a scroll of identify for 32 gold pieces
 28348 | Orc:2    | Bought a scroll of blinking for 120 gold pieces
 28435 | Orc:2    | Found Jogapt's Magic Scroll Shop.
 28443 | Orc:2    | Bought a scroll of blinking for 135 gold pieces
 28443 | Orc:2    | Bought a scroll of fear for 63 gold pieces
 28443 | Orc:2    | Bought a scroll of poison for 63 gold pieces
 28908 | D:12     | Noticed Rupert
 29070 | D:12     | Found a gate leading to a gauntlet.
 29079 | Gauntlet | Entered a Gauntlet
 29079 | Gauntlet | Found a transporter.
 29079 | Gauntlet | Found a transporter.
 29083 | Gauntlet | Found a transporter.
 29083 | Gauntlet | Found a transporter.
 29104 | Gauntlet | Found a transporter.
 29112 | Gauntlet | Found a transporter.
 29112 | Gauntlet | Found a transporter.
 29136 | Gauntlet | Found a transporter.
 29143 | Gauntlet | Found a transporter.
 29150 | Gauntlet | Noticed an emperor scorpion
 29151 | Gauntlet | an emperor scorpion changed into an entropy weaver
 29159 | Gauntlet | Found a transporter.
 29185 | Gauntlet | Found a transporter.
 29221 | Gauntlet | Found a transporter.
 29235 | Gauntlet | Found a transporter.
 29327 | Gauntlet | Found a transporter.
 29337 | Gauntlet | Found a transporter.
 29355 | Gauntlet | Found a transporter.
 29494 | D:12     | Noticed Frances
 29761 | Snake:1  | Entered Level 1 of the Snake Pit
 29798 | Snake:1  | Reached skill level 11 in Fighting
 30183 | Snake:1  | Found Lidgh's Neck Hole.
 30253 | Snake:1  | Noticed Aizul
 30261 | Snake:1  | Killed Aizul
 30404 | Snake:1  | You fall into a shaft and drop 1 floor!
 30404 | Snake:2  | Noticed a nagaraja
 30409 | Snake:2  | Killed a nagaraja
 31501 | Snake:2  | Found Ataifiw's Weapon Emporium.
 31501 | Snake:2  | Noticed a nagaraja
 31502 | Snake:2  | Found Xusuwu's Jewellery Shoppe.
 31502 | Snake:2  | Found Ynlozey's Magic Scroll Emporium.
 31505 | Snake:2  | Killed a nagaraja
 31509 | Snake:2  | Found Ocewomod's Antique Weapon Shoppe.
 33199 | Snake:2  | Bought a scroll of amnesia for 42 gold pieces
 33206 | Snake:2  | Learned a level 5 spell: Manifold Assault
 34454 | Snake:3  | Reached XP level 16. HP: 87/112 MP: 23/27
 34862 | Snake:3  | Found Hiol's Jewellery Shoppe.
 34862 | Snake:3  | Found Gyig's Book Shop.
 34883 | Snake:3  | Found Sieblan's Book Shop.
 35448 | Shoals:1 | Entered Level 1 of the Shoals
 35451 | Shoals:1 | Found a bloodstained altar of Trog.
 35451 | Shoals:1 | Noticed Wuang's ghost (adept DEFE)
 35794 | Shoals:1 | Noticed Louise
 36079 | Abyss:2  | Found a corrupted altar of Lugonu.
 36079 | Abyss:2  | Cast into level 2 of the Abyss (Louise)
 36444 | Abyss:2  | Noticed a bone dragon
 36454 | Abyss:2  | Killed a bone dragon
 36455 | Abyss:2  | Noticed a lich
 36461 | Abyss:2  | Killed a lich
 36571 | Shoals:1 | Escaped the Abyss
 37361 | D:12     | Noticed Josephine
 37675 | D:12     | Killed Josephine
 37852 | D:12     | Killed Rupert
 37884 | D:12     | Killed Frances
 38547 | D:13     | Found a gate to the Vaults.
 39361 | D:13     | Found an iron altar of Okawaru.
 39669 | D:14     | Found a radiant altar of Vehumet.
 40496 | D:15     | Entered Level 15 of the Dungeon
 41100 | D:15     | Reached XP level 17. HP: 117/117 MP: 5/30
 41190 | D:15     | Found a staircase to the Depths.
 41981 | Snake:2  | Bought the ring "Amaov" {AC+4 Int+5 Stlth-} for 833 gold
                  | pieces
 42052 | Snake:4  | Entered Level 4 of the Snake Pit
 42259 | Snake:4  | Found Mojumy's Assorted Antiques.
 42732 | Snake:4  | Reached skill level 11 in Dodging
 43083 | Snake:4  | Reached skill level 12 in Fighting
 43589 | Snake:4  | Reached skill level 13 in Fighting
 43717 | Snake:4  | Noticed Vashnia
 43733 | Snake:4  | Killed Vashnia
 44030 | Snake:4  | Reached skill level 14 in Fighting
 44349 | Snake:4  | Reached XP level 18. HP: 131/131 MP: 25/31
 44872 | Snake:4  | Got a serpentine rune of Zot
 45443 | Abyss:3  | Cast into level 3 of the Abyss (Louise)
 45455 | Abyss:3  | Noticed a bone dragon
 45489 | Abyss:3  | Killed a bone dragon
 45490 | Abyss:3  | Reached skill level 15 in Fighting
 45541 | Lair:3   | Escaped the Abyss
 45547 | Lair:3   | Killed Louise
 45815 | Shoals:1 | Found a transporter.
 46244 | Shoals:1 | Noticed Jorgrun
 46536 | Shoals:1 | Killed Jorgrun
 46537 | Shoals:1 | Reached skill level 16 in Fighting
 46878 | Shoals:1 | Noticed Donald
 46886 | Shoals:1 | Killed Donald
 47095 | Shoals:1 | Noticed Kirke
 47108 | Shoals:1 | Killed Kirke
 47172 | Shoals:1 | Found a transporter.
 48916 | Shoals:3 | Reached skill level 15 in Transmutations
 49399 | Shoals:3 | Identified the +0 animal skin of Wokurer {rElec rCorr Int-4
                  | Dex-4}
 49939 | Shoals:4 | Entered Level 4 of the Shoals
 50324 | Shoals:4 | Reached XP level 19. HP: 141/141 MP: 27/32
 50686 | Shoals:4 | Shot with an arrow by a satyr

Illustrated notes

Levels and vault maps discovered:
D:1:      psy_arrival_fountain, layout_loops_ring
D:2:      layout_loops_corners, nicolae_ecumenical_snake_handling, basic_altar,
          st_stairs_6
D:3:      layout_rooms, doesnt_xom_only_xom, hangedman_decor_lopped,
          uniq_crazy_yiuf_cottage
D:4:      layout_cave_pools, gammafunk_ghost_nasty_kobolds, uniq_blork_the_orc
D:5:      layout_basic, mainiacjoe_overflow_cross_hatched,
          minmay_misc_feat_square, uniq_eustachio
D:6:      layout_basic, minmay_misc_feat_enclosed, minivault_11, uniq_pikel,
          uniq_grinder
D:7:      layout_cave_pools, minmay_temple_entry_tees
D:8:      layout_rooms, minmay_quadrilaterals, uniq_prince_ribbit1
D:9:      minmay_evil_eye, layout_long_grid, erik_lair_island
D:10:     layout_long_grid, gammafunk_ghost_ooze
D:11:     minmay_general_purpose_star, layout_grid_maze, david_orc_4
D:12:     layout_roguey, gauntlet_entry_generic, uniq_josephine, uniq_frances,
          uniq_rupert
D:13:     nzn_winding_woodlands_small [nzn_winding_woodlands_5x15_sawtooth,
          nzn_winding_woodlands_center_triple_pond,
          nzn_winding_woodlands_5x15_garden], layout_loops_ring,
          skrybe_vaults_entry_preservation, drop_trap, okawaru_altar_gauntlet_db
D:14:     layout_roguey, fiery_altar_vehumet
D:15:     grunt_enter_depths_magical_seal, layout_gridville,
          small_statue_intersection
Temple:   mainiacjoe_temple_cubbyholes
Lair:1:   layout_gridlike, grunt_forest_large_clearing_hut
Lair:2:   layout_cave_pods, beast_lair_carwin_2, infiniplex_staircase_pool,
          uniq_gastronok, uniq_fannar, uniq_harold
Lair:3:   wander_river, layout_misc_corridors, shoals_dummy_entry,
          minmay_snake_entry_six_corridors, grunt_forest_small_clearing_treed
Lair:4:   layout_cave_pods
Lair:5:   layout_long_grid, minmay_shattered_shrine, serial_bayou_shore_a
Lair:6:   minmay_lair_end_enchanted_forest, layout_gridlike, slime_entry_2,
          serial_bayou_pond_e, nicolae_lair_grove_arrangements,
          minmay_lair_drake_nest
Shoals:1: layout_shoals, gammafunk_ghost_wrathful_warriors, uniq_louise,
          uniq_jorgrun, uniq_kirke, uniq_donald
Shoals:2: layout_shoals
Shoals:3: argonaut_golden_fleece, layout_shoals
Shoals:4: shoals_end_hangedman, layout_shoals, kb_tengu_band
Snake:1:  layout_chambers, nicolae_shop_sticking_my_neck_out,
          grunt_megastairs_5, uniq_aizul
Snake:2:  layout_misc_corridors, minmay_shoptagon, grunt_megastairs_2
Snake:3:  nrook_guardian_serpent_snake_passage, layout_chambers,
          minmay_shop_grove, lemuel_fruit_tree
Snake:4:  grunt_snake_rune_serpentine_throne, layout_cave_town, serial_shops,
          shop_statue, grunt_megastairs_4
Orc:1:    layout_diamond_mine
Orc:2:    st_orc_elflike, layout_caves, serial_shops, shop,
          ebering_ghost_rock_garden

Skill      XL: |  1  2  3  4  5  6  7  8  9 10 11 12 13 14 15 16 17 18 |
---------------+-------------------------------------------------------+-----
Stealth        | 1 |  1.0
Fighting       | 2 3 5 7 8 10 11 14 16 | 16.0
Transmutations | 5 8 12 13 15 | 15.7
Ice Magic      | 3 8 |  8.0
Unarmed Combat | 7 10 | 10.0
Invocations    | 7 10 11 | 11.0
Earth Magic    | 1 7 12 13 | 13.0
Spellcasting   | 5 7 9 |  9.0
Translocations | 7 10 | 10.0
Dodging        | 8 11 | 11.0

Action                   |  1- 3 |  4- 6 |  7- 9 | 10-12 | 13-15 | 16-18 | 19-21 || total
-------------------------+-------+-------+-------+-------+-------+-------+-------++-------
Melee: Unarmed           |    63 |       |   145 |   340 |   591 |   872 |    36 ||  2047
       Constrict         |    27 |    13 |    15 |       |    45 |    78 |     5 ||   183
       Tentacles         |    13 |    10 |    15 |       |    71 |   148 |     5 ||   262
       Kick              |    14 |       |    10 |       |       |       |       ||    24
       Punch             |     5 |     1 |     2 |     1 |    27 |    57 |       ||    93
       War axe           |     7 |    55 |    57 |       |       |       |       ||   119
       Staff             |       |       |       |       |    48 |       |       ||    48
 Cast: Beastly Appendage |    23 |       |     9 |       |       |       |       ||    32
       Spider Form       |       |       |     7 |       |       |       |       ||     7
       Ice Form          |       |       |    11 |    60 |    58 |       |       ||   129
       Wereblood         |       |       |     1 |     3 |     2 |       |       ||     6
       Frozen Ramparts   |       |       |       |    28 |    16 |     1 |       ||    45
       Ozocubu's Armour  |       |       |       |       |    20 |       |       ||    20
       Statue Form       |       |       |       |       |    84 |   183 |     5 ||   272
       Manifold Assault  |       |       |       |       |       |   124 |     9 ||   133
Invok: Slouch            |       |       |       |     1 |    17 |    16 |       ||    34
       Step From Time    |       |       |       |       |     3 |     4 |     1 ||     8
Evoke: Wand              |       |       |     1 |    17 |     4 |       |       ||    22
  Use: Potion            |       |     3 |     4 |     5 |     3 |     4 |     1 ||    20
       Scroll            |       |       |    12 |       |    23 |    18 |     2 ||    55
 Stab: Sleeping          |    11 |     4 |     3 |     3 |     4 |     5 |       ||    30
       Distracted        |       |       |     1 |       |     1 |       |       ||     2
Armor: Skin              |     3 |    15 |    58 |   174 |   486 |   567 |    19 ||  1322
Dodge: Dodged            |    55 |    28 |   120 |   181 |   463 |  1369 |    45 ||  2261

Table legend: (Time is in decaauts)
 A = Elapsed time spent in this place.
 B = Non-inter-level travel time spent in this place.
 C = Inter-level travel time spent in this place.
 D = Time resting spent in this place.
 E = Time spent auto-exploring this place.
 F = Levels seen in this place.
 G = Mean time per level.
                   A        B        C        D        E       F      G
               +--------+--------+--------+--------+--------+-----+--------+
         Total |  73170 |  68731 |   4439 |  10688 |  47932 |  35 | 2090.6 |
       Dungeon |  26627 |  24886 |   1741 |   2401 |  18947 |  15 | 1775.1 |
        Temple |    146 |    101 |     45 |      0 |     90 |   1 |  146.0 |
          Lair |  17164 |  16089 |   1075 |   2864 |  11718 |   6 | 2860.7 |
        Shoals |   9015 |   8613 |    402 |   1083 |   5774 |   4 | 2253.8 |
     Snake Pit |  14566 |  13871 |    695 |   3552 |   8423 |   4 | 3641.5 |
  Orcish Mines |   3801 |   3323 |    478 |    494 |   2321 |   2 | 1900.5 |
         Abyss |   1045 |   1045 |      0 |    292 |     82 |   2 |  522.5 |
      Gauntlet |    803 |    803 |      0 |      0 |    573 |   1 |  803.0 |
               +--------+--------+--------+--------+--------+-----+--------+

Top non-repeatable levels by time:
 Snake:4: 4392 daAuts
    D:11: 4071 daAuts
  Lair:6: 3708 daAuts
 Snake:2: 3657 daAuts
 Snake:3: 3583 daAuts
  Lair:3: 3543 daAuts
 Snake:1: 2933 daAuts
  Lair:1: 2924 daAuts
Shoals:1: 2709 daAuts
  Lair:4: 2699 daAuts
Shoals:3: 2694 daAuts
   Orc:2: 2553 daAuts
Shoals:2: 2349 daAuts
    D:13: 2308 daAuts
  Lair:2: 2284 daAuts
